 Dungeon Crawl Stone Soup version 0.20.0-15-g7f486f2 (webtiles) character file.

238 straycat the Covert (level 5, -24/38 HPs)
             Began as a Vampire Gladiator on June 25, 2017.
             Annihilated by an ogre
             ... wielding a +0 giant club
              (26 damage)
             ... on level 4 of the Dungeon.
             The game lasted 00:10:19 (2959 turns).

straycat the Covert (Vampire Gladiator)             Turns: 2959, Time: 00:10:20

Health: -24/38     AC:  9    Str: 13    XL:     5   Next: 78%
Magic:  0/5        EV: 10    Int: 11    God:
Gold:   215        SH:  0    Dex: 16    Spells: 4/4 levels left

rFire    . . .     SeeInvis +   a - +0 long sword
rCold    . . .     Gourm    .   (no shield)
rNeg     . . .     Faith    .   y - +0 scale mail
rPois    .         Spirit   +   c - +0 helmet
rElec    .         Reflect  .   t - scarf {Spirit}
rCorr    .         Harm     .   B - +0 pair of gloves
MR       .....                  w - +0 pair of boots
Stlth    +++.......             (no amulet)
Regen    0.4/turn               (no ring)
MPRegen  0.1/turn               (no ring)

@: regenerating quickly
A: fangs 3, see invisible, unbreathing
a: no special abilities


You were on level 4 of the Dungeon.
You were full.

You visited 1 branch of the dungeon, and saw 4 of its levels.

You collected 215 gold pieces.

Inventory:

Hand Weapons
 a - a +0 long sword (weapon)
 A - a +0 hunting sling
Missiles
 d - 3 throwing nets
 i - 63 bolts
 l - 127 stones (quivered)
 n - 42 sling bullets
 p - 34 poisoned needles
 v - 49 arrows
Armour
 c - a +0 helmet (worn)
 t - a scarf of spirit shield (worn)
 w - a +0 pair of boots (worn)
 y - a +0 scale mail (worn)
 B - a +0 pair of gloves (worn)
Wands
 b - a wand of random effects (23/48)
 z - a wand of paralysis (5/24)
Scrolls
 f - a scroll of enchant weapon {unknown}
 g - 2 scrolls of remove curse {unknown}
 h - a scroll of random uselessness {unknown}
 j - a scroll of enchant armour {unknown}
 k - 3 scrolls of teleportation {unknown}
 m - a scroll of blinking {unknown}
 r - 3 scrolls of magic mapping {unknown}
 u - a scroll of identify {unknown}
Potions
 e - 12 potions of blood
 o - a potion of brilliance {unknown}
 q - a potion of flight {unknown}
 x - a potion of curing {unknown}


   Skills:
 - Level 1.7 Fighting
 - Level 3.0 Long Blades
 - Level 1.5 Throwing
 * Level 3.2 Dodging
 - Level 9.0 Stealth


You had 4 spell levels left.
You didn't know any spells.

Dungeon Overview and Level Annotations

Branches:
Dungeon (4/15)
 Temple: D:4-7

Altars:
Makhleb
Vehumet
Xom

Shops:
D:4 :


Innate Abilities, Weirdness & Mutations

Your natural rate of healing is unusually fast.
You have razor-sharp teeth.
You have supernaturally acute eyesight. (SInv)
You can survive without breathing.


Message History

The ogre barely misses you.
You hit the ogre. Your bite misses the ogre.
The ogre is moderately wounded.
The ogre hits you with a giant club!
You hit the ogre.
The ogre is moderately wounded.
The ogre misses you.
You riposte.
You slash the ogre!
The ogre is heavily wounded.
You hit the ogre.
The ogre is severely wounded.
The ogre hits you with a giant club!
You hit the ogre.
The ogre is severely wounded.
The ogre hits you with a giant club!
* * * LOW HITPOINT WARNING * * *
You hit the ogre.
The ogre is almost dead.
The ogre hits you with a giant club!!
Ouch! That really hurt!
You die...

#.............. #..............
### #######..............
#.######............########
######......#............#
#_'..#......#......#######
###.........#......#
............#......#
............#..O@..# ######
.....###########'#.######......
.....##.....##.............=...
.....##...........#............
......#...........#............
......'.....##....#............
......#.....#######............
......#.....#.....'......####+#
.....##.....#.....#......+


You could see an ogre.

Vanquished Creatures
  2 orc priests (D:3)
  An orc wizard (D:3)
  Ijyb (D:2)
  An iguana (D:3)
  An adder (D:3)
  5 worms
  4 leopard geckos
  6 orcs (D:3)
  3 bats
  4 giant cockroaches
  14 goblins
  3 hobgoblins
  3 jackals (D:1)
  8 kobolds
  2 quokkas
  A ball python (D:2)
  2 frilled lizards (D:4)
  4 rats
65 creatures vanquished.

Notes
Turn   | Place    | Note
-------+----------+-------------------------------------------
     0 | D:1      | straycat the Vampire Gladiator began the quest for the Orb.
     0 | D:1      | Reached XP level 1. HP: 16/16 MP: 1/1
    11 | D:1      | Reached skill level 1 in Stealth
    52 | D:1      | Reached skill level 2 in Stealth
    98 | D:1      | Reached XP level 2. HP: 22/22 MP: 2/2
   147 | D:1      | Reached skill level 3 in Stealth
   271 | D:1      | Reached skill level 4 in Stealth
   749 | D:1      | Reached XP level 3. HP: 27/27 MP: 3/3
   872 | D:2      | Found a shimmering altar of Xom.
   888 | D:2      | You fall through a shaft for 2 floors!
   952 | D:4      | Found a radiant altar of Vehumet.
  1021 | D:4      | Noticed an ogre
  1052 | D:4      | Found Nakka's Book Emporium.
  1151 | D:3      | Reached skill level 5 in Stealth
  1162 | D:3      | Reached skill level 6 in Stealth
  1162 | D:3      | Reached XP level 4. HP: 9/33 MP: 4/4
  1569 | D:2      | Noticed Ijyb
  1583 | D:2      | Paralysed by Ijyb for 5 turns
  1593 | D:2      | Paralysed by Ijyb for 5 turns
  1599 | D:2      | Paralysed by Ijyb for 4 turns
  1604 | D:2      | Killed Ijyb
  1608 | D:2      | Reached skill level 7 in Stealth
  2108 | D:3      | Reached XP level 5. HP: 35/38 MP: 5/5
  2128 | D:3      | Reached skill level 8 in Stealth
  2397 | D:3      | Found a burning altar of Makhleb.
  2670 | D:3      | Reached skill level 9 in Stealth
  2959 | D:4      | Annihilated by an ogre

Skill      XL: |  1  2  3  4  5 |
---------------+----------------+-----
Stealth        | 2 4 6 7 9 |  9.0
Fighting       | |  1.7
Long Blades    | |  3.0
Throwing       | |  1.5
Dodging        | |  3.2

Action                   |  1- 3 |  4- 6 || total
-------------------------+-------+-------++-------
Melee: Long sword        |    67 |   134 ||   201
       Bite              |     7 |    20 ||    27
Throw: Stone             |     1 |     1 ||     2
 Abil: End Transformatio |     1 |       ||     1
       Bat Form          |     1 |       ||     1
  Use: Potion            |       |    11 ||    11
 Stab: Sleeping          |     1 |     5 ||     6
       Distracted        |       |     1 ||     1
  Eat: Corpse            |     2 |       ||     2
Armor: Leather armour    |    15 |       ||    15
       Ring mail         |     2 |    43 ||    45
       Scale mail        |       |    19 ||    19
Dodge: Dodged            |    75 |    77 ||   152
       Rpst.: Long sword |    31 |    18 ||    49
